 Dungeon Crawl Stone Soup version 0.27.1-1-g398f81649c (webtiles) character file.

Game seed: 616919158744798460

31694 bnorton916 the Thaumaturge (level 13, -2/78 HPs)
             Began as a Deep Elf Conjurer on Sept 17, 2021.
             Was a High Priest of Vehumet.
             Killed from afar by an oklob plant (14 damage)
             ... with a splash of acid
             ... on level 4 of the Lair of Beasts.
             The game lasted 00:46:40 (27350 turns).

bnorton916 the Thaumaturge (Deep Elf Conjurer)     Turns: 27350, Time: 00:46:41

Health: -2/78      AC:  6    Str:  5    XL:     13   Next: 27%
Magic:  27/31      EV: 29    Int: 34    God:    Vehumet [*****.]
Gold:   873        SH:  0    Dex: 13    Spells: 22/37 levels left

rFire    . . .     SeeInvis .   j - +1 whip (venom)
rCold    . . .     Faith    .   (no shield)
rNeg     . . .     Spirit   .   H - +3 leather armour {rPois}
rPois    +         Reflect  .   z - +2 hat
rElec    .         Harm     .   S - +2 cloak {Will+}
rCorr    .         Rampage  .   T - +1 pair of gloves
Will     ++...                  (no boots)
Stlth    +++.......             F - amulet of the acrobat
HPRegen  0.23/turn              m - ring of flight
MPRegen  0.22/turn              J - +6 ring of intelligence

@: corroded, acrobatic, flying
A: no striking features
a: Renounce Religion


You were on level 4 of the Lair of Beasts.
You worshipped Vehumet.
Vehumet was extremely pleased with you.
You visited 3 branches of the dungeon, and saw 14 of its levels.
You also visited: Sewer and Ossuary.

You collected 873 gold pieces.

Inventory:

Hand Weapons
 j - a +1 whip of venom (weapon)
 n - a +3 dagger of draining
 v - the +0 falchion of the Crushing Vulture {vorpal, Contam rPois Str+6}
   (You found it on level 3 of the Lair of Beasts)

   It inflicts extra damage upon your enemies.
   Str:       It affects your strength (+6).
   rPois:     It protects you from poison.
   Contam:    It causes magical contamination when unequipped.
 G - a +6 spear of venom
Missiles
 W - a curare-tipped dart
Armour
 e - a +2 robe of cold resistance
 t - the +0 helmet of Fubo {rPois rF+}
   (You acquired it on level 3 of the Lair of Beasts)

   rF:        It protects you from fire.
   rPois:     It protects you from poison.
 z - a +2 hat (worn)
 H - a +3 leather armour of poison resistance (worn)
 I - a +0 leather armour of cold resistance
 S - a +2 cloak of willpower (worn)
 T - a +1 pair of gloves (worn)
Magical Staves
 i - a staff of cold
Jewellery
 d - a ring of ice
 m - a ring of flight (left hand)
 x - a ring of willpower
 F - an amulet of the acrobat (around neck)
 J - a +6 ring of intelligence (right hand)
Wands
 g - a wand of flame (22)
 l - a wand of mindburst (12)
 p - a wand of acid (10)
 s - a wand of paralysis (18)
 V - a wand of iceblast (7)
 X - a wand of digging (4)
Scrolls
 k - 8 scrolls of teleportation
 o - a scroll of blinking
 q - 2 scrolls of fog
 u - 6 scrolls of magic mapping
 w - a scroll of amnesia
 A - 3 scrolls of identify
 E - 4 scrolls of enchant weapon
 Q - 3 scrolls of enchant armour
Potions
 a - 8 potions of curing
 b - 7 potions of heal wounds
 c - 3 potions of haste
 f - 5 potions of invisibility
 h - a potion of ambrosia
 r - 4 potions of might
 B - 2 potions of cancellation
 C - a potion of brilliance
 K - a potion of lignification
Miscellaneous
 Y - a lightning rod (4/4)


   Skills:
 - Level 8.0 Fighting
 - Level 5.0 Armour
 - Level 7.8 Dodging
 - Level 6.0 Stealth
 + Level 12.6 Spellcasting
 + Level 11.4 Conjurations
 - Level 10.3 Hexes
 - Level 8.7 Translocations
 - Level 6.1 Fire Magic


You had 22 spell levels left.
You knew the following spells:

 Your Spells              Type           Power      Damage    Failure   Level
a - Magic Dart            Conj           100%       1d8       1%          1
b - Searing Ray           Conj           100%       3d7       1%          2
c - Fulminant Prism       Conj/Hex       38%        3d18      1%          4
d - Iskenderun's Mystic   Conj/Tloc      74%        2d15      1%          4
e - Sticky Flame          Conj/Fire      69%        2d8       1%          4

Your spell library contained the following spells:

 Spells                   Type           Power      Damage    Failure   Level
 Iskenderun's Battlesphe  Conj           78%        2d13      1%          5
 Shock                    Conj/Air       100%       1d9       1%          1
 Dazzling Flash           Conj/Hex       100%       N/A       1%          3
 Corpse Rot               Necr/Air       N/A        N/A       4%          2
 Airstrike                Air            10%        N/A       9%          4
 Swiftness                Air            21%        N/A       10%         3
 Dispel Undead            Necr           21%        3d11      30%         4
 Summon Lightning Spire   Summ/Air       21%        N/A       30%         4
 Death Channel            Necr           10%        N/A       99%         6
 Storm Form               Tmut/Air       10%        N/A       100%        7
 Maxwell's Capacitive Co  Air            10%        ∞         100%        8


Dungeon Overview and Level Annotations

Branches:
Dungeon (9/15)             Temple (1/1) D:4            Lair (4/6) D:9
 Shoals (0/4) Lair:3       Spider (0/4) Lair:3        Sewer (visited)
Ossuary (visited)
    Orc: D:9-12

Altars:
Ashenzari
Cheibriados
Dithmenos
Elyvilon
Fedhas
Gozag
Hepliaklqana
Kikubaaqudgha
Makhleb
Okawaru
Qazlal
Sif Muna
Trog
Uskayaw
Vehumet
Wu Jian
Xom
Yredelemnul
Zin
The Shining One

Shops:
D:6 (

Annotations:
Lair:4 exclusion: 3 oklob plants


Message History

Magic restored.
You start resting.
You start resting.
HP restored.
You start waiting.
Really fly into a travel-excluded area?
Casting: Fulminant Prism (safe; 1% risk of failure)
Confirm with . or Enter, or press ? or * to list all spells.
Aiming: Fulminant Prism (safe; 1% risk of failure)
Press: ? - help, Dir - move target Out of range.
Okay, then.
An oklob plant comes into view.
Found 8 gold pieces and a glowing scale mail.
The oklob plant spits acid at you. The splash of acid hits you!
The acid corrodes you!
You are splashed with acid!
Marking area around an oklob plant as unsafe for travelling.
Casting: Fulminant Prism (safe; 1% risk of failure)
Confirm with . or Enter, or press ? or * to list all spells.
Aiming: Sticky Flame (safe; 1% risk of failure)
Press: ? - help, Shift-Dir - straight line Out of range.
Okay, then.
Unknown command.
Unknown command.
Unknown command.
Casting: Sticky Flame (safe; 1% risk of failure)
Confirm with . or Enter, or press ? or * to list all spells.
Aiming: Fulminant Prism (safe; 1% risk of failure)
Press: ? - help, Dir - move target You conjure a prism of explosive energy!
A fulminant prism comes into view.
The oklob plant spits acid at you. The splash of acid hits you!
You are splashed with acid!
The oklob plant spits acid at you. The splash of acid hits you!
The acid corrodes you!
You are splashed with acid!
* * * LOW HITPOINT WARNING * * *
The oklob plant spits acid at you. The splash of acid hits you!
You die...

# ##### ## ....#### #.#.
.# P###..#...####...#.###
.
###.............#....#..
#.....................
.....................
...................######
......................*[.
................@...}!$P$
.........b............[P.
.<.....>............)...P
........................[
...................######
........................
.........##.............
...###..#.##............
.#..##...####..###...#P.


You could see 2 oklob plants and a friendly fulminant prism.

Vanquished Creatures
  Fannar (Lair:2)
  A death knight (D:9)
  A two-headed ogre (D:9)
  2 death yaks
  The ghost of Harkinian2 the Blocker, a novice MiFi of Qazlal (D:6)
  2 skeletal warriors (D:9)
  Pikel (D:4)
  An oklob plant (Lair:4)
  3 merfolk sirens (Lair:3)
  5 elephants (Lair:3)
  4 molten gargoyles (D:9)
  5 cane toads
  A torpor snail (Lair:3)
  2 rime drakes
  5 komodo dragons
  A merfolk (Lair:3)
  A troll (D:9)
  Grinder (D:3)
  2 polar bears (Lair:3)
  A slime creature (D:9)
  10 blink frogs
  2 shadows (D:9)
  A wraith (D:9)
  35 yaks
  2 wyverns
  3 basilisks
  Eustachio (D:4)
  2 wargs (D:9)
  Edmund (D:5)
  3 swamp worms (Lair:3)
  8 water moccasins
  Duvessa (D:5)
  4 necrophages (D:4)
  4 orc warriors
  A sky beast (D:7)
  A black bear (D:5)
  A hornet zombie (Ossuary)
  23 wolves
  3 centaurs
  3 lemures
  14 bullfrogs
  6 kobold brigands
  3 gnoll sergeants
  3 scorpions
  Dowan (D:5)
  A water moccasin zombie (Ossuary)
  2 wyvern zombies
  A wight (D:4)
  5 killer bees
  5 bullfrog zombies
  6 centaur zombies
  2 hounds
  4 jellies
  A human zombie (D:4)
  A gnoll shaman (D:9)
  5 orc priests
  2 centaur skeletons (D:5)
  12 mummies
  Jessica (D:2)
  Natasha (thrice) (D:2)
  A bullfrog skeleton (D:7)
  Ijyb (D:3)
  2 iguanas
  A scorpion zombie (D:4)
  7 hell rats (Lair:3)
  9 orc wizards
  3 killer bee zombies
  A centaur simulacrum (D:6)
  A hound zombie (D:4)
  3 hound skeletons
  5 howler monkey zombies
  22 gnolls
  3 howler monkey skeletons
  4 river rats (Sewer)
  12 adders
  2 shadow imps
  2 white imps
  An adder zombie (D:4)
  2 dart slugs (D:1)
  6 worms
  31 orcs
  6 ball pythons
  11 endoplasms
  7 giant cockroaches
  A goblin (D:2)
  8 hobgoblins
  7 jackals
  4 quokkas
  3 bats
  5 frilled lizards
  15 kobolds
  6 rats
420 creatures vanquished.

Vanquished Creatures (others)
  68 fulminant prisms
  28 fungi
  34 plants
  15 withered plants (Ossuary)
145 creatures vanquished.

Grand Total: 565 creatures vanquished

Notes
Turn   | Place    | Note
-------+----------+-------------------------------------------
     0 | D:1      | bnorton916 the Deep Elf Conjurer began the quest for the
                  | Orb.
     0 | D:1      | Reached XP level 1. HP: 10/10 MP: 6/6
   428 | D:1      | Reached XP level 2. HP: 15/15 MP: 4/8
   657 | D:1      | Found a faded altar of an unknown god.
  1196 | D:1      | Learned a level 2 spell: Searing Ray
  1253 | D:2      | Reached skill level 4 in Spellcasting
  1335 | D:2      | Noticed Jessica
  1340 | D:2      | Killed Jessica
  1341 | D:2      | Reached skill level 5 in Conjurations
  1341 | D:2      | Reached XP level 3. HP: 19/19 MP: 4/10
  1524 | D:2      | Reached XP level 4. HP: 24/24 MP: 8/12
  1529 | D:2      | Learned a level 4 spell: Fulminant Prism
  1534 | D:2      | Learned a level 4 spell: Iskenderun's Mystic Blast
  1554 | D:2      | Noticed Natasha
  1558 | D:2      | Killed Natasha
  1559 | D:2      | Reached skill level 5 in Spellcasting
  1563 | D:2      | Noticed Natasha
  2386 | D:2      | Reached XP level 5. HP: 14/28 MP: 8/14
  2970 | D:2      | Killed Natasha
  3052 | D:2      | Noticed Natasha
  3059 | D:2      | Killed Natasha
  3374 | D:3      | Reached skill level 6 in Spellcasting
  3394 | D:3      | Found a glowing drain.
  3451 | Sewer    | Entered a sewer
  3595 | Sewer    | Reached XP level 6. HP: 26/32 MP: 3/17
  3928 | Sewer    | Reached skill level 7 in Spellcasting
  4551 | Sewer    | Reached XP level 7. HP: 26/36 MP: 12/20
  5011 | D:3      | Noticed Ijyb
  5020 | D:3      | Killed Ijyb
  5021 | D:3      | Reached skill level 1 in Hexes
  5021 | D:3      | Reached skill level 1 in Translocations
  5446 | D:3      | Noticed Grinder
  5452 | D:3      | Killed Grinder
  6180 | D:4      | Noticed Pikel
  6189 | D:4      | Killed Pikel
  6190 | D:4      | Reached skill level 5 in Hexes
  6190 | D:4      | Reached XP level 8. HP: 4/41 MP: 8/21
  6675 | D:4      | Reached skill level 5 in Translocations
  7508 | D:4      | Found a staircase to the Ecumenical Temple.
  7534 | Temple   | Entered the Ecumenical Temple
  7760 | Temple   | Became a worshipper of Vehumet
  8075 | D:4      | Noticed Eustachio
  8318 | D:4      | You are sucked into a shaft and drop 2 floors!
  8318 | D:6      | Found Lamefec's Antique Weapon Shoppe.
  8450 | D:5      | Entered Level 5 of the Dungeon
  8463 | D:5      | Noticed Duvessa
  8468 | D:5      | Killed Duvessa
  8468 | D:5      | Noticed Dowan
  8469 | D:5      | Reached XP level 9. HP: 36/45 MP: 5/22
  8588 | D:7      | Found a sand-covered staircase.
  8596 | Ossuary  | Entered an ossuary
  8607 | Ossuary  | Reached * piety under Vehumet
  8607 | Ossuary  | Offered knowledge of Freeze by Vehumet.
 10454 | D:6      | Reached skill level 10 in Hexes
 10460 | D:6      | Offered knowledge of Sandblast by Vehumet.
 10547 | D:6      | Reached ** piety under Vehumet
 10777 | D:6      | Found a runed translucent gate.
 10777 | D:6      | Found a runed translucent gate.
 10777 | D:6      | Found a runed translucent gate.
 10778 | D:6      | Noticed Harkinian2's ghost (novice MiFi)
 10901 | D:5      | Killed Dowan
 11059 | D:5      | Noticed Edmund
 11066 | D:5      | Killed Edmund
 11067 | D:5      | Reached skill level 1 in Armour
 12522 | D:4      | Killed Eustachio
 12620 | D:4      | Reached XP level 10. HP: 50/50 MP: 15/23
 12926 | D:4      | Found a basalt altar of Yredelemnul.
 13105 | D:7      | Reached skill level 5 in Dodging
 13113 | D:7      | Offered knowledge of Ignite Poison by Vehumet.
 14098 | D:7      | Reached *** piety under Vehumet
 14340 | D:8      | Found an opulent altar of Gozag.
 14652 | D:8      | Found a broken altar of Ashenzari.
 15046 | D:8      | You are sucked into a shaft and drop 1 floor!
 15059 | D:9      | Offered knowledge of Sticky Flame by Vehumet.
 15611 | D:9      | Reached skill level 5 in Stealth
 16374 | D:9      | Noticed a molten gargoyle
 16374 | D:9      | Noticed a molten gargoyle
 16383 | D:9      | Killed a molten gargoyle
 16391 | D:9      | Killed a molten gargoyle
 16392 | D:9      | Reached skill level 5 in Armour
 16948 | D:9      | Noticed a molten gargoyle
 16951 | D:9      | Killed a molten gargoyle
 16952 | D:9      | Reached skill level 1 in Fighting
 16969 | D:9      | Noticed a molten gargoyle
 16975 | D:9      | Killed a molten gargoyle
 16976 | D:9      | Reached XP level 11. HP: 57/57 MP: 18/24
 17251 | D:9      | Found a staircase to the Lair.
 17400 | D:9      | Noticed a death knight
 17402 | D:9      | Noticed a skeletal warrior
 17420 | D:9      | Killed a skeletal warrior
 17420 | D:9      | Killed a death knight
 17460 | D:9      | Noticed a skeletal warrior
 17547 | D:9      | Killed a skeletal warrior
 17673 | D:9      | Learned a level 4 spell: Sticky Flame
 17939 | D:9      | Found a burning altar of Makhleb.
 18080 | D:9      | Noticed a two-headed ogre
 18098 | D:9      | Killed a two-headed ogre
 18098 | D:9      | Reached **** piety under Vehumet
 18099 | D:9      | Reached skill level 5 in Fighting
 18157 | Lair:1   | Entered Level 1 of the Lair of Beasts
 18157 | Lair:1   | Found a gate leading to a gauntlet.
 18440 | D:9      | Offered knowledge of Stone Arrow by Vehumet.
 20264 | Lair:1   | Reached skill level 5 in Fire Magic
 21073 | Lair:1   | Reached XP level 12. HP: 70/72 MP: 22/25
 21076 | Lair:1   | Reached skill level 8 in Spellcasting
 22036 | D:6      | Killed Harkinian2's ghost
 22221 | Lair:2   | Noticed Fannar
 22233 | Lair:2   | Killed Fannar
 22536 | Lair:2   | Reached skill level 9 in Spellcasting
 23090 | Lair:2   | Reached ***** piety under Vehumet
 23094 | Lair:2   | Offered knowledge of Iskenderun's Battlesphere by Vehumet.
 23260 | Lair:2   | Noticed a boulder beetle
 23676 | Lair:3   | Reached skill level 10 in Spellcasting
 24275 | Lair:3   | Reached skill level 10 in Conjurations
 24348 | Lair:3   | Reached skill level 11 in Spellcasting
 25128 | Lair:3   | Identified a scroll of acquirement
 25146 | Lair:3   | Reached XP level 13. HP: 74/78 MP: 22/30
 25169 | Lair:3   | Acquired the +0 helmet of Fubo {rPois rF+}
 25210 | Lair:3   | Found a staircase to the Shoals.
 25242 | Lair:3   | Found a hole to the Spider Nest.
 25250 | Lair:3   | Identified the +0 falchion of the Crushing Vulture {vorpal,
                  | Contam rPois Str+6}
 25532 | Lair:3   | Reached skill level 12 in Spellcasting
 26823 | Lair:3   | HP: 2/78 [boulder beetle (16)]
 27350 | Lair:4   | Killed from afar by an oklob plant

Illustrated notes

Levels and vault maps discovered:
D:1:      lemuel_arrival_lava_pool, layout_basic, basic_ecumenical_altar,
          solitary_fountain, st_stairs_14, chequers_jeans
D:2:      layout_rooms, minivault_25, minmay_pentomino_u4, uniq_jessica,
          uniq_natasha
D:3:      layout_basic, gup_sewer_entry_glass, uniq_grinder, uniq_ijyb
D:4:      layout_loops_cross, lemuel_mausoleum_altar_yredelemnul, temple_pool_b,
          minmay_crystal_water, chequers_serial_rivers_large_a, uniq_pikel,
          uniq_eustachio
D:5:      layout_gridville, kennysheep_generic_room_14, uniq_duvessa,
          uniq_edmund
D:6:      layout_rooms, serial_shops, nicolae_diamond_shop,
          gammafunk_ghost_necromancy, minmay_misc_feat_more_columns,
          corexii_leaking_fountain
D:7:      layout_rooms, lightli_ossuary_entry_decrepit_ruins
D:8:      layout_basic, mainiacjoe_overflow_catwalk, ashenzari_altar_1,
          kennysheep_doodads
D:9:      cheibrodos_barr_body, layout_layer_cave, amcnicky_altar_gilded,
          erik_lair_orcish_takeover, minivault_8
Temple:   eino_temple_scatter_basement
Lair:1:   layout_cave_pods, gauntlet_entry_generic
Lair:2:   layout_concentric_octagons, lemuel_fruit_fields, uniq_fannar
Lair:3:   layout_roguey, elwin_shoals_entry_stream, spider_nest_entry_web_field,
          worms_lemuel
Lair:4:   layout_cave_shapes, chequers_serial_rivers_micro_d,
          lemuel_fruit_fields, minmay_lair_oklob_chamber

Skill      XL: |  1  2  3  4  5  6  7  8  9 10 11 12 13 |
---------------+----------------------------------------+-----
Spellcasting   | 4 5 6 7 11 12 | 12.6
Conjurations   | 5 6 7 10 11 | 11.4
Hexes          | 5 8 10 | 10.3
Translocations | 4 6 8 |  8.7
Armour         | 2 5 |  5.0
Dodging        | 4 7 |  7.8
Stealth        | 6 |  6.0
Fighting       | 2 7 8 |  8.0
Fire Magic     | 6 |  6.1

Action                   |  1- 3 |  4- 6 |  7- 9 | 10-12 | 13-15 || total
-------------------------+-------+-------+-------+-------+-------++-------
Melee: Unarmed           |     1 |       |       |       |       ||     1
       Whip              |       |       |       |    65 |    11 ||    76
 Cast: Magic Dart        |    57 |    86 |   164 |   138 |    10 ||   455
       Searing Ray       |       |    17 |    73 |    65 |     3 ||   158
       Iskenderun's Myst |       |       |     4 |    46 |     4 ||    54
       Fulminant Prism   |       |       |     4 |    55 |    10 ||    69
       Sticky Flame      |       |       |       |    48 |    18 ||    66
Evoke: Wand              |       |       |     1 |       |       ||     1
  Use: Scroll            |       |     1 |     4 |    13 |     1 ||    19
       Potion            |       |       |       |     9 |       ||     9
Armor: Robe              |     1 |     4 |    21 |     3 |       ||    29
       Leather armour    |       |       |       |    67 |    19 ||    86
Dodge: Dodged            |     4 |    10 |    53 |   173 |    62 ||   302
